 Dungeon Crawl Stone Soup version 0.24-a0-530-g18ba70b503 (webtiles) character file.

Game seed: 18087105163737182308

13479 Arang the Protected (level 12, -25/91 HPs)
             Began as a Formicid Hunter on Aug 7, 2019.
             Was a High Priest of Okawaru.
             Killed from afar by a frost giant (47 damage)
             ... with a bolt of cold
             ... in an ice cave.
             The game lasted 01:07:18 (14269 turns).

Arang the Protected (Formicid Hunter)              Turns: 14269, Time: 01:07:20

Health: -25/91     AC: 34    Str: 32    XL:     12   Next: 33%
Magic:  10/15      EV: 12    Int: 11    God:    Okawaru [*****.]
Gold:   511        SH: 18    Dex: 18    Spells: 11/11 levels left

rFire    . . .     SeeInvis +   a - +1 hand crossbow
rCold    . . .     Gourm    .   k - +0 large shield
rNeg     . . .     Faith    .   j - +15 Maxwell's patent armour {-Cast -Tele rElec MR+ rCorr}
rPois    .         Spirit   .   (helmet unavailable)
rElec    +         Reflect  .   (no cloak)
rCorr    +         Harm     .   A - +1 pair of gloves
MR       ++...     NoCast   +   (no boots)
Stlth    ..........             (no amulet)
HPRegen  0.25/turn              W - +2 ring of protection (curse)
MPRegen  0.14/turn              v - +5 ring of strength

@: mighty, agile, finesse, very slightly contaminated, invisible
A: permanent stasis, dig shafts and tunnels, four strong arms, antennae 3,
hooves 1, thin skeletal structure 1, electricity resistance, sturdy frame 1
a: Dig, Shaft Self, Heroism, Finesse, Renounce Religion


You were in an ice cave.
You worshipped Okawaru.
Okawaru was extremely pleased with you.
You were hungry.

You visited 2 branches of the dungeon, and saw 13 of its levels.
You also visited: Ice Cave.

You collected 574 gold pieces.
You spent 63 gold pieces at shops.

Inventory:

Hand Weapons
 a - a +1 hand crossbow (weapon)
 b - a +5 antimagic battleaxe
 L - a +0 arbalest
 M - a +4 spear of piercing
 R - a +3 battleaxe
Missiles
 d - 34 bolts (quivered)
 x - 3 throwing nets
 D - 32 poisoned darts
 S - 19 silver javelins
Armour
 j - the +15 Maxwell's patent armour (worn) {-Cast -Tele rElec MR+ rCorr}
   (You found it on level 10 of the Dungeon)

   It insulates you from electricity.
   It affects your resistance to hostile enchantments.
   It prevents spellcasting.
   It prevents most forms of teleportation.
   It provides partial protection from all sources of acid and corrosion.
 k - a +0 large shield (worn)
 A - a +1 pair of gloves (worn)
Jewellery
 v - a +5 ring of strength (right hand)
 K - an uncursed ring of positive energy
 W - a cursed +2 ring of protection (left hand)
Wands
 c - a wand of iceblast (3)
 B - a wand of clouds (12)
 F - a wand of flame (34)
 O - a wand of polymorph (8)
 T - a wand of scattershot (7)
 V - a wand of paralysis (12)
Scrolls
 g - 3 scrolls of fear
 m - 3 scrolls of remove curse
 u - 2 scrolls of magic mapping
 y - a scroll of identify
 E - a scroll of amnesia
 P - a scroll of immolation {unknown}
 Q - a scroll of fog {unknown}
 U - a scroll of torment {unknown}
Potions
 e - a potion of magic {unknown}
 h - a potion of might
 i - a potion of brilliance
 l - 2 potions of degeneration {unknown}
 o - 4 potions of curing
 r - 3 potions of agility
 s - 3 potions of flight
 t - a potion of mutation
 z - 4 potions of lignification
 I - 3 potions of ambrosia {unknown}
 N - a potion of cancellation {unknown}
Comestibles
 f - 18 rations
 n - 10 chunks of flesh


   Skills:
 + Level 7.4 Fighting
 - Level 6.1(6.9) Axes
 - Level 4.7(6.2) Polearms
 * Level 10.3 Crossbows
 - Level 3.1 Throwing
 * Level 11.0 Armour
 - Level 1.7 Dodging
 - Level 1.2 Stealth
 * Level 7.1 Shields
 - Level 5.0 Invocations


You had 11 spell levels left.
You didn't know any spells.
Your spell library contained the following spells:

 Spells                   Type           Power        Failure   Level  Hunger
 Flame Tongue             Conj/Fire      #....        100%        1    ##.....
 Magic Dart               Conj           #...         100%        1    ##.....
 Call Imp                 Summ           #.......     100%        2    ###....
 Slow                     Hex            #.......     100%        2    ###....
 Throw Flame              Conj/Fire      #.....       100%        2    ###....
 Conjure Flame            Conj/Fire      #.......     100%        3    ####...
 Inner Flame              Hex/Fire       #.......     100%        3    ####...
 Mephitic Cloud           Conj/Pois/Air  #.......     100%        3    ####...
 Sticky Flame             Conj/Fire      #.......     100%        4    #####..
 Fireball                 Conj/Fire      #.........   100%        5    ######.
 Haunt                    Necr/Summ      #.........   100%        7    #######
 Borgnjor's Revivificati  Necr           #.........   100%        8    #######
 Death's Door             Chrm/Necr      #.........   100%        8    #######
 Infestation              Necr           #.........   100%        8    #######
 Necromutation            Tmut/Necr      #.........   100%        8    #######
 Blink                    Tloc           Unusable     N/A         2    N/A

Dungeon Overview and Level Annotations

Branches:
Dungeon (13/15)            Temple (1/1) D:5             Orc (0/2) D:10
   Lair: D:8-11      Vaults: D:13-14

Altars:
Ashenzari
Cheibriados
Dithmenos
Elyvilon
Fedhas
Gozag
Hepliaklqana
Kikubaaqudgha
Makhleb
Nemelex Xobeh
Okawaru
Qazlal
Ru
Sif Muna
Trog
Uskayaw
Vehumet
Wu Jian
Xom
Yredelemnul
Zin
The Shining One

Shops:
D:9 [

Annotations:
D:3 3 runed translucent doors, exclusion: downstairs, Burgietje's ghost, amateur GrFi
D:4 exclusion: downstairs
D:6 exclusion: downstairs
D:8 exclusion: 2 downstairs
D:9 exclusion: downstairs


Innate Abilities, Weirdness & Mutations

You cannot be hasted, slowed, berserked, paralysed or teleported.
You can dig through walls and to a lower floor.
Your four strong arms can wield two-handed weapons with a shield.
You have a pair of large antennae on your head. (SInv)
You have large cloven feet.
You have a somewhat thin skeletal structure. (Dex +2, Stealth)
You are resistant to electric shocks. (rElec)
Your movements are slightly less encumbered by armour. (ER -2)


Message History

Press: ? - help, Shift-Dir - straight line, f/p - frost giant
Aim: a frost giant, wielding a +0 battleaxe of freezing (almost dead)
You shoot a bolt.
The bolt hits the frost giant but does no damage.
The frost giant is almost dead.
The yak bellows! x3
The frost giant casts a spell at you. The bolt of cold hits you!!
* * * LOW HITPOINT WARNING * * *
Firing (i - inventory. (/) - cycle)
d - 35 bolts (quivered)
Press: ? - help, Shift-Dir - straight line, f/p - frost giant
Aim: a frost giant, wielding a +0 battleaxe of freezing (almost dead)
You shoot a bolt.
The bolt hits the frost giant but does no damage.
The frost giant is almost dead.
The yak bellows! x2
The frost giant points at you and mumbles some strange words.
The bolt of cold hits you!!!
Ouch! That really hurt!
You die...

######## ##Y.....#### ##
####.Yh.#.....####.
####.@CY#######....#.{
###....####**** ###....#
###....### *≈≈≈*** ######
###....###*****≈≈≈≈≈*****
#.)..###***≈≈≈≈≈≈≈≈≈≈≈≈≈**
#..### *≈≈≈≈≈≈≈≈≈≈≈≈≈≈≈≈≈***
##..####**≈≈≈≈≈≈≈≈≈≈≈≈**≈≈≈≈
##..?.####*≈≈≈≈≈≈*********≈
##..Y...###*≈≈≈** **


You could see a frost giant, a polar bear and 3 yaks.

Vanquished Creatures
  Harold (D:9)
  A two-headed ogre (D:9)
  An unseen horror (D:10)
  Psyche (D:10)
  An ice statue (IceCv)
  4 trolls
  9 polar bears (IceCv)
  A hippogriff (D:9)
  A spriggan (D:7)
  7 yaks (IceCv)
  A vampire (D:13)
  2 wyverns (D:8)
  An acid dragon (D:11)
  3 orc warriors
  A sky beast (D:6)
  12 ice beasts
  2 black bears
  5 ogres
  6 wolves (IceCv)
  A crocodile (D:7)
  6 centaurs
  2 big kobolds
  Blork the orc (D:5)
  4 bullfrogs
  4 scorpions
  7 wights
  12 killer bees
  5 howler monkeys
  2 crimson imps (D:6)
  A quasit (D:6)
  3 bullfrog zombies
  3 hounds
  An orc priest (D:7)
  2 centaur skeletons
  5 orc wizards
  A bullfrog skeleton (D:6)
  3 iguanas
  6 worker ants
  A hound zombie (D:11)
  A worker ant zombie (D:6)
  7 gnolls
  8 adders
  3 shadow imps
  An ooze (D:1)
  An adder zombie (D:8)
  An adder skeleton (D:6)
  2 worms
  A dart slug (D:4)
  6 leopard geckos
  29 orcs
  A ball python (D:7)
  4 bats
  4 giant cockroaches
  8 goblins
  10 hobgoblins
  15 jackals
  8 quokkas
  5 frilled lizards
  2 giant cockroach zombies
  18 kobolds
  A leopard gecko skeleton (D:4)
  7 rats
273 creatures vanquished.

Vanquished Creatures (collateral kills)
  2 polar bears (IceCv)
  A wolf (IceCv)
3 creatures vanquished.

Vanquished Creatures (others)
  2 polar bears (IceCv)
2 creatures vanquished.

Grand Total: 278 creatures vanquished

Notes
Turn   | Place    | Note
-------+----------+-------------------------------------------
     0 | D:1      | Arang the Formicid Hunter began the quest for the Orb.
     0 | D:1      | Reached XP level 1. HP: 16/16 MP: 1/1
   292 | D:1      | Reached XP level 2. HP: 10/22 MP: 2/2
   636 | D:1      | Reached skill level 1 in Armour
   770 | D:1      | Reached XP level 3. HP: 25/27 MP: 3/3
  1417 | D:2      | Reached XP level 4. HP: 34/34 MP: 4/4
  1787 | D:3      | Found a runed translucent gate.
  1787 | D:3      | Noticed Burgietje's ghost (amateur GrFi)
  1788 | D:3      | Found a runed translucent gate.
  1789 | D:3      | Found a runed translucent gate.
  1916 | D:3      | Reached skill level 2 in Armour
  2273 | D:3      | Found a shattered altar of Ashenzari.
  2410 | D:3      | Reached skill level 5 in Crossbows
  2910 | D:4      | Reached skill level 1 in Throwing
  2910 | D:4      | Reached XP level 5. HP: 39/39 MP: 5/5
  2981 | D:4      | Noticed an orc warrior
  2995 | D:4      | Reached skill level 3 in Armour
  3323 | D:3      | Reached XP level 6. HP: 29/47 MP: 6/6
  4231 | D:4      | Noticed an ogre
  4529 | D:4      | Found a radiant altar of Vehumet.
  4819 | D:4      | Killed an orc warrior
  4819 | D:4      | Reached skill level 4 in Armour
  4819 | D:4      | Reached skill level 1 in Shields
  5175 | D:4      | Killed an ogre
  5175 | D:4      | Reached XP level 7. HP: 52/52 MP: 7/7
  5214 | D:4      | Found a radiant altar of Vehumet.
  5250 | D:5      | Entered Level 5 of the Dungeon
  5391 | D:5      | Reached skill level 5 in Armour
  5655 | D:4      | Reached skill level 1 in Polearms
  5776 | D:4      | Reached XP level 8. HP: 58/58 MP: 8/8
  6163 | D:5      | Noticed Blork the orc
  6169 | D:5      | Killed Blork the orc
  6169 | D:5      | Reached skill level 6 in Armour
  6264 | D:5      | Found a staircase to the Ecumenical Temple.
  6273 | Temple   | Entered the Ecumenical Temple
  6751 | D:5      | Found a hazy altar of Hepliaklqana.
  6759 | D:5      | Found an iron altar of Okawaru.
  6759 | D:5      | Found a snail-covered altar of Cheibriados.
  6760 | D:5      | Found a glowing silver altar of Zin.
  6777 | D:5      | Became a worshipper of Warmaster Okawaru
  7119 | D:6      | Reached skill level 7 in Armour
  7305 | D:6      | Reached * piety under Okawaru
  7470 | D:6      | Reached XP level 9. HP: 56/65 MP: 9/9
  7788 | D:6      | Reached skill level 8 in Armour
  8267 | D:7      | Reached ** piety under Okawaru
  8416 | D:7      | Found a stormy altar of Qazlal.
  8423 | D:7      | Reached skill level 1 in Axes
  8844 | D:8      | Reached skill level 5 in Fighting
  8844 | D:8      | Reached skill level 9 in Armour
  8844 | D:8      | Reached XP level 10. HP: 64/74 MP: 10/10
  8852 | D:8      | Reached skill level 1 in Invocations
  8985 | D:8      | Reached *** piety under Okawaru
  9452 | D:8      | Found a bloodstained altar of Trog.
  9851 | D:9      | Noticed a two-headed ogre
  9879 | D:9      | Killed a two-headed ogre
  9879 | D:9      | Reached **** piety under Okawaru
 10397 | D:9      | Found a shimmering altar of Xom.
 10398 | D:9      | Found a shimmering altar of Xom.
 10398 | D:9      | Found a shimmering altar of Xom.
 10398 | D:9      | Found a shimmering altar of Xom.
 10459 | D:9      | Received a gift from Okawaru
 10822 | D:9      | Found Plog's Armour Shoppe.
 10836 | D:9      | Reached XP level 11. HP: 72/81 MP: 11/13
 10852 | D:9      | Bought a +0 large shield for 63 gold pieces
 10869 | D:9      | Noticed Harold
 10886 | D:9      | Killed Harold
 10886 | D:9      | Received a gift from Okawaru
 10886 | D:9      | Reached skill level 10 in Armour
 11319 | D:9      | Found a shadowy altar of Dithmenos.
 11355 | D:9      | Reached skill level 5 in Axes
 11510 | D:9      | Found a glowing golden altar of the Shining One.
 11614 | D:10     | Entered Level 10 of the Dungeon
 11614 | D:10     | Noticed Psyche
 11845 | D:10     | Noticed an unseen horror
 11850 | D:10     | Killed an unseen horror
 12013 | D:10     | Found the +15 Maxwell's patent armour {-Cast -Tele rElec
                  | MR+ rCorr}
 12242 | D:10     | Found a staircase to the Orcish Mines.
 12411 | D:10     | Killed Psyche
 12970 | D:11     | Reached ***** piety under Okawaru
 12978 | D:11     | Noticed a fire dragon
 12993 | D:11     | You fall into a shaft and drop 2 floors!
 13125 | D:13     | Received a gift from Okawaru
 13180 | D:13     | Found a frozen archway.
 13267 | IceCv    | Entered an ice cave
 13366 | IceCv    | Reached skill level 5 in Shields
 13368 | IceCv    | Reached skill level 5 in Invocations
 13374 | IceCv    | Reached skill level 10 in Crossbows
 13385 | IceCv    | Reached XP level 12. HP: 75/89 MP: 5/15
 14006 | IceCv    | Received a gift from Okawaru
 14200 | IceCv    | Gained mutation: You are agile. (Dex +2) [potion of
                  | mutation]
 14200 | IceCv    | Gained mutation: You are somewhat resistant to further
                  | mutation. [potion of mutation]
 14211 | IceCv    | Lost mutation: You are agile. (Dex +2) [potion of mutation]
 14211 | IceCv    | Lost mutation: You are somewhat resistant to further
                  | mutation. [potion of mutation]
 14211 | IceCv    | Gained mutation: You have large cloven feet. [potion of
                  | mutation]
 14211 | IceCv    | Gained mutation: You have a somewhat thin skeletal
                  | structure. (Dex +2, Stealth) [potion of mutation]
 14211 | IceCv    | Gained mutation: Your movements are slightly less
                  | encumbered by armour. (ER -2) [potion of mutation]
 14211 | IceCv    | Gained mutation: You are resistant to electric shocks.
                  | (rElec) [potion of mutation]
 14216 | IceCv    | Noticed a frost giant
 14243 | IceCv    | Reached skill level 11 in Armour
 14256 | IceCv    | HP: 2/91 [frost giant/bolt of cold (40)]
 14269 | IceCv    | Killed from afar by a frost giant

Levels and vault maps discovered:
D:1:      dpeg_arrival_signposts, layout_basic, minmay_pentomino_r4
D:2:      layout_loops_ring
D:3:      layout_basic, nicolae_ashenzari_panopticon, gammafunk_ghost_split
D:4:      layout_basic, vehumet_altar_wand_db, first_ration
D:5:      layout_cave_pools, minitemple, minmay_temple_entry_mini_moons,
          uniq_blork_the_orc
D:6:      layout_cave_pools
D:7:      layout_basic, nicolae_qazlal_general_emergency, st_stairs_1,
          the_bakery
D:8:      layout_rooms, lightli_temple_of_fire
D:9:      layout_basic, grunt_dithmenos_shadows, tso_altar, serial_shops, shop,
          hex_large, small_statue_intersection, xom_redecorated, uniq_harold
D:10:     layout_basic, orc_0_dummy, minivault_23, minmay_liquid_box,
          roderic_lattice_a, minmay_crystal_room, uniq_psyche
D:11:     layout_loops_ring, minmay_lair_entry_lava
D:13:     layout_roguey, grunt_vaults_entry_tiered,
          portal_ice_cave_entry_ice_beasts, kennysheep_generic_room_7
Temple:   minmay_temple_forest_path
IceCv:    ice_cave_small_giant

Skill      XL: |  1  2  3  4  5  6  7  8  9 10 11 12 |
---------------+-------------------------------------+-----
Armour         | 1 2 3 4 5 7 9 10 11 | 11.0
Crossbows      | 5 7 9 10 | 10.3
Throwing       | 1 2 3 |  3.1
Fighting       | 3 4 5 6 7 |  7.4
Shields        | 1 2 5 7 |  7.1
Polearms       | 1 3 4 |  4.7
Axes           | 2 4 6 |  6.1
Invocations    | 3 5 |  5.0
Dodging        | |  1.7
Stealth        | |  1.2

Action                   |  1- 3 |  4- 6 |  7- 9 | 10-12 || total
-------------------------+-------+-------+-------+-------++-------
Melee: Short sword       |   115 |   144 |       |       ||   259
       Spear             |       |     4 |   218 |       ||   222
       Battleaxe         |       |       |    34 |   202 ||   236
 Fire: Hand crossbow     |    18 |    38 |    62 |   308 ||   426
Throw: Dart              |    14 |    86 |    50 |    47 ||   197
       Javelin           |       |       |       |     8 ||     8
Invok: Heroism           |       |       |     1 |    17 ||    18
       Finesse           |       |       |       |     2 ||     2
 Abil: Shaft Self        |       |       |       |     1 ||     1
Evoke: Wand              |       |       |       |     3 ||     3
  Use: Scroll            |       |       |     8 |     8 ||    16
       Potion            |       |       |       |    10 ||    10
  Eat: Chunk             |     2 |     8 |     9 |    13 ||    32
       Ration            |       |     1 |     1 |     1 ||     3
Armor: Plate armour      |   105 |   123 |   218 |   251 ||   697
       Leather armour    |     4 |       |       |       ||     4
Dodge: Dodged            |    48 |    74 |   134 |   121 ||   377
Block: Buckler           |     7 |    28 |    54 |    42 ||   131
       Large shield      |       |       |       |   274 ||   274

Table legend:
 A = Non-vault XP
 B = Vault XP
 C = Vault XP percentage of total XP
 D = Non-vault monster count
 E = Vault monster count
 F = Vault count percentage of total count
                 A         B        C        D         E       F
            +---------+---------+-------+---------+---------+-------
      Total |   10471 |    8785 |  45.6 |     232 |      46 |  16.5
            +---------+---------+-------+---------+---------+-------
        D:1 |      48 |       5 |   9.4 |      24 |       2 |   7.7
        D:2 |      23 |       0 |   0.0 |      14 |       0 |   0.0
        D:3 |      74 |       0 |   0.0 |      18 |       0 |   0.0
        D:4 |     668 |       2 |   0.3 |      33 |       1 |   2.9
        D:5 |     297 |      94 |  24.0 |       9 |       1 |  10.0
        D:6 |    1276 |       0 |   0.0 |      31 |       0 |   0.0
        D:7 |     720 |     229 |  24.1 |      20 |       3 |  13.0
        D:8 |    1999 |       0 |   0.0 |      26 |       0 |   0.0
        D:9 |    2864 |    1013 |  26.1 |      24 |       2 |   7.7
       D:10 |    1600 |     469 |  22.7 |      24 |       1 |   4.0
       D:11 |     440 |       0 |   0.0 |       5 |       0 |   0.0
       D:13 |     462 |    1045 |  69.3 |       4 |       8 |  66.7
      IceCv |       0 |    5928 | 100.0 |       0 |      28 | 100.0
            +---------+---------+-------+---------+---------+-------
